Map: Ultralove

Players

ManlyManMeat - Winner!

  • Race: Zerg Zerg
  • League: Diamond
  • Spawn Location: 7:00

matrixxx

  • Race: Terran Terran
  • League: Diamond
  • Spawn Location: 1:00

VOD

Have the link to the VOD?

Description

Time

  • Played on: July 1, 2025, 11:42 a.m.
  • Length: 12:12
Show
View Real Time Build Order
Export as new Build Order

ManlyManMeat Zerg - Winner!

Build Orders: Hatch First 

Get SALT Encoding   

  12  0:00  Drone  
  13  0:08  Drone  
  13  0:13  Extractor  
  13  0:15  Drone  
  15  0:22  Overlord  
  15  0:41  Drone  
  16  0:47  Hatchery  
  15  0:50  Drone  
  15  0:54  Drone  
  17  0:57  Drone  
  18  1:07  Extractor  
  17  1:13  Spawning Pool  
  17  1:17  Drone  
  17  1:19  Drone  
  18  1:26  Drone  
  19  1:36  Drone  
  20  2:03  Zergling x4  
  20  2:04  Queen x2  
  20  2:05  Overlord  
  26  2:13  Metabolic Boost  
  26  2:22  Drone x2  
  28  2:23  Drone  
  28  2:24  Overlord  
  29  2:44  Drone x4  
  31  2:45  Queen  
  35  2:52  Overlord  
  35  3:10  Drone x2  
  35  3:11  Drone  
  38  3:13  Hatchery  
  37  3:21  Queen  
  37  3:24  Drone x4  
  37  3:25  Extractor  
  42  3:34  Overlord x2  
  42  3:40  Drone x2  
  43  3:54  Baneling Nest  
  42  4:06  Drone x5  
  42  4:07  Drone x2  
  49  4:14  Lair  
  49  4:17  Evolution Chamber  
  49  4:18  Drone x3  
  49  4:20  Evolution Chamber  
  50  4:26  Drone  
  50  4:27  Drone x6  
  50  4:29  Zergling x2  
  58  4:35  Spore Crawler  
  57  4:43  Zergling x8  
  61  4:47  Zerg Melee Weapons Level 1  
  61  4:54  Extractor  
  61  4:58  Zerg Ground Armor Level 1  
  60  5:09  Queen x2  
  60  5:11  Overlord x4  
  64  5:21  Roach Warren  
  63  5:34  Zergling x14  
  63  5:35  Zergling x10  
  75  5:37  Hatchery  
  75  5:42  Centrifugal Hooks  
  74  6:11  Zergling x2  
  74  6:12  Zergling x26  
  74  6:14  Hatchery  
  74  6:15  Hatchery, Baneling x4  
  74  6:16  Baneling x2  
  74  6:17  Baneling  
  74  6:18  Baneling x2  
  86  6:19  Baneling  
  86  6:20  Baneling x2  
  86  6:35  Baneling x6  
  86  6:40  Zergling x2  
  86  6:41  Zergling x2  
  89  6:51  Overlord  
  89  6:52  Overlord x2  
  79  7:10  Zergling x20  
  77  7:26  Zergling x6  
  78  7:41  Zergling x6  
  78  7:48  Queen x3  
  80  8:09  Baneling x19  
  80  8:24  Queen x2  
  66  8:51  Roach x10  
  66  8:52  Zergling x28  
  97  9:17  Overseer  
  97  9:18  Hatchery  
  97  9:19  Spore Crawler  
  88  9:34  Drone x2  
  88  9:35  Drone x2, Extractor  
  88  9:36  Drone x2  
  91  9:38  Drone x2, Extractor  
  91  9:39  Drone  
  91  9:40  Drone x3, Extractor  
  93  9:59  Spire  
  90  10:01  Drone x5  
  91  10:08  Zerg Missile Weapons Level 1  
  85  10:17  Roach x4  
  85  10:19  Roach x2  
  81  10:35  Ravager x4  
  85  10:37  Ravager x2  
  73  10:45  Overseer  
  73  10:50  Overseer x2  
  73  11:11  Corruptor x2  
  73  11:12  Corruptor x4, Hydralisk Den  
  84  11:20  Overlord  
  84  11:21  Overlord x3  
  84  11:24  Zergling x4  
  84  11:25  Zergling x2  
  87  11:26  Zergling x4  
  87  11:27  Zergling x2  
  87  11:28  Zergling x2  
  91  11:37  Zergling x12  
  91  11:38  Zergling x4  
Show
View Real Time Build Order
Export as new Build Order

matrixxx Terran 

Build Orders: 2 Factory, Mech 

Get SALT Encoding   

  12  0:00  SCV  
  13  0:12  SCV  
  14  0:18  Supply Depot  
  14  0:25  Refinery  
  14  0:28  SCV  
  15  0:42  Barracks  
  15  0:45  SCV  
  16  0:57  Refinery, SCV  
  17  1:09  SCV  
  18  1:21  SCV  
  19  1:32  Factory  
  19  1:33  Orbital Command  
  19  1:36  Marine  
  20  1:48  Supply Depot  
  20  1:54  Marine  
  20  1:59  SCV  
  22  2:19  Factory Tech Lab  
  22  2:42  Barracks Reactor  
  22  2:44  Command Center  
  22  2:50  Factory  
  22  2:53  Siege Tank  
  25  3:01  SCV  
  26  3:05  Supply Depot  
  26  3:13  SCV  
  27  3:26  Infernal Pre-Igniter  
  27  3:29  Armory  
  27  3:42  Refinery, Barracks Tech Lab  
  27  3:43  Siege Tank  
  27  3:46  Hellion  
  33  3:48  SCV  
  33  4:07  Orbital Command, Supply Depot  
  33  4:14  Hellion  
  33  4:15  SCV  
  36  4:33  Barracks Reactor  
  36  4:36  Factory  
  36  4:42  Siege Tank  
  36  4:45  Drilling Claws  
  39  4:51  Supply Depot  
  38  4:53  SCV  
  39  5:05  SCV  
  40  5:11  Hellion x2  
  44  5:21  Hellion x2, Supply Depot  
  44  5:23  SCV  
  44  5:26  SCV  
  50  5:37  Factory  
  50  5:38  Mag-Field Accelerator  
  50  5:48  Supply Depot, SCV x2  
  52  6:06  Engineering Bay  
  52  6:11  SCV x2  
  53  6:17  Supply Depot  
  54  6:24  Refinery  
  54  6:26  Command Center  
  56  6:40  Widow Mine x5  
  56  6:41  SCV, Widow Mine  
  56  6:42  SCV  
  68  7:07  Refinery  
  42  7:22  Widow Mine x3  
  44  7:23  Widow Mine  
  41  7:30  Widow Mine  
  28  8:04  Widow Mine x3  
  28  8:05  Widow Mine x2  
  33  8:12  SCV  
  34  8:26  SCV  
  36  8:38  SCV  
  19  8:48  Hellion  
  16  9:08  Widow Mine x4  
  20  9:59  Widow Mine  
  20  10:04  Orbital Command  
  20  10:44  SCV  
  21  10:56  SCV  
  22  11:09  SCV  
  22  11:40  SCV  
Tags
 
Composition
Mech
Matchup
TvZ
Replay Pack
Myownreplay2
Spawn Locations
Cross Positions
Add a new tag
Caveats
  • Supply blocks, unpowered buildings, or Contaminate may cause inaccurate times.
  • Supply counts are checked every 10 seconds.